 Dungeon Crawl Stone Soup version 0.28-a0-32-g8dfe7f97f6 (webtiles) character file.

Game seed: 3588950182718147503

276 MovingMist the Ducker (level 6, 0/47 HPs)
             Began as a Demonspawn Gladiator on July 27, 2021.
             Killed by nerve-wracking pain
             ... invoked by Menkaure
              (14 damage)
             ... on level 4 of the Dungeon.
             The game lasted 00:05:45 (3022 turns).

MovingMist the Ducker (Demonspawn Gladiator)        Turns: 3022, Time: 00:05:46

Health: 0/47       AC: 13    Str: 13 (14) XL:     6   Next: 4%
Magic:  6/6        EV: 18    Int: 10      God:
Gold:   72         SH:  0    Dex: 14 (16) Spells: 5/5 levels left

rFire   . . .      SeeInvis .   n - +4 dagger
rCold   . . .      Faith    .   (no shield)
rNeg    . . .      Spirit   .   c - +0 steam dragon scales
rPois   .          Reflect  .   (helmet restricted)
rElec   .          Harm     .   (no cloak)
rCorr   +          Rampage  .   (no gloves)
Will    .....                   (no boots)
Stlth   +.........              (no amulet)
HPRegen 0.15/turn               f - +4 ring of protection
MPRegen 0.10/turn               i - +4 ring of evasion

@: no status effects
A: horns 1, yellow scales 3
a: no special abilities


You were on level 4 of the Dungeon.
You visited 1 branch of the dungeon, and saw 4 of its levels.

You collected 98 gold pieces.
You spent 26 gold pieces at shops.

Inventory:

Hand Weapons
 a - a +0 long sword
 n - a +4 dagger (weapon)
Missiles
 d - 3 throwing nets (quivered)
Armour
 c - +0 steam dragon scales (worn)
 h - a +0 ring mail
Jewellery
 f - a +4 ring of protection (left hand)
 i - a +4 ring of evasion (right hand)
Scrolls
 b - a scroll of summoning {unknown}
 e - a scroll of teleportation {unknown}
 g - 2 scrolls of enchant weapon {unknown}
 j - 2 scrolls of identify
 o - a scroll of enchant armour {unknown}
Potions
 l - a potion of curing {unknown}
 m - a potion of cancellation {unknown}


   Skills:
 + Level 3.5 Fighting
 + Level 3.8 Long Blades
 - Level 1.7 Throwing
 * Level 4.7 Dodging


You had 5 spell levels left.
You didn't know any spells.
Your spell library was empty.

Dungeon Overview and Level Annotations

Branches:
Dungeon (4/15)
 Temple: D:4-7

Altars:

Shops:
D:2 *?:=

Annotations:
D:4 Menkaure


Innate Abilities, Weirdness & Mutations

You have a pair of small horns on your head.
You are completely covered in yellow scales. (AC +4, rCorr)


Message History

There is an open door here.
A giant cockroach and a kobold come into view.
The kobold is wielding a +1 whip of venom.
The kobold shouts!
You hear a shout!
Menkaure, Prince of Dust comes into view.
The kobold hits you but does no damage.
You barely miss the kobold. The kobold misses you.
You hit the giant cockroach.
The giant cockroach is heavily wounded.
The giant cockroach completely misses you.
The kobold completely misses you.
Menkaure calls on the powers of darkness!
The kobold convulses!
Your body is wracked with pain!
You hit the giant cockroach.
The giant cockroach is almost dead.
The giant cockroach barely misses you. The kobold misses you.
You barely miss the kobold.
The kobold is moderately wounded.
The giant cockroach barely misses you. The kobold completely misses you.
You hit the kobold.
You kill the kobold!
The giant cockroach misses you.
You hit Menkaure. Your headbutt misses Menkaure.
Menkaure is lightly damaged.
The giant cockroach closely misses you. Menkaure closely misses you.
You hit Menkaure.
Menkaure is moderately damaged.
The giant cockroach bites you but does no damage.
Menkaure calls on the powers of darkness!
Your body is wracked with pain!
* * * LOW HITPOINT WARNING * * *
You hit Menkaure.
Menkaure is moderately damaged.
The giant cockroach completely misses you.
The giant cockroach bites you but does no damage.
You puncture Menkaure! Your headbutt misses Menkaure.
Menkaure is heavily damaged.
Menkaure gestures at you while chanting.
Pain shoots through your body!
You die...

+....#.....#
#....#.....#
#....'.....#
#....#.....#
#####...†#.....#
.........#.....#
...####'####...#
.. #...#########
#....@)......
#....BM......
...^............
................
..........##...##
...##.....# ...#
... #.....# ..#
#.....# ..#


You could see Menkaure and a giant cockroach.

Vanquished Creatures
  A steam dragon (D:3)
  A centaur skeleton (D:3)
  Robin (D:3)
  4 adders
  A gnoll (D:1)
  A worm (D:2)
  2 dart slugs (D:4)
  An orc (D:4)
  A ball python (D:3)
  5 endoplasms
  2 giant cockroaches
  9 hobgoblins
  4 quokkas
  2 bats
  3 frilled lizards
  10 goblins
  4 kobolds
  7 rats
59 creatures vanquished.

Notes
Turn   | Place    | Note
-------+----------+-------------------------------------------
     0 | D:1      | MovingMist the Demonspawn Gladiator began the quest for the
                  | Orb.
     0 | D:1      | Reached XP level 1. HP: 16/16 MP: 1/1
    67 | D:1      | Reached skill level 3 in Dodging
    67 | D:1      | Gained mutation: You have a pair of small horns on your
                  | head. [demonic ancestry]
    67 | D:1      | Reached XP level 2. HP: 22/22 MP: 2/2
   866 | D:2      | Reached XP level 3. HP: 26/28 MP: 3/3
   909 | D:2      | Found Cukhuar's Assorted Antiques.
  1031 | D:2      | Found Giritweg's Jewellery Emporium.
  1398 | D:2      | Found Plog's Magic Scroll Shoppe.
  1405 | D:2      | Bought a scroll of identify for 26 gold pieces
  1405 | D:2      | Found Qycac's Book Shoppe.
  1766 | D:3      | Gained mutation: You are partially covered in yellow
                  | scales. (AC +2) [demonic ancestry]
  1766 | D:3      | Reached XP level 4. HP: 34/34 MP: 4/4
  2108 | D:3      | Noticed Robin
  2113 | D:3      | Killed Robin
  2436 | D:3      | Reached skill level 4 in Dodging
  2442 | D:3      | Gained mutation: You are mostly covered in yellow scales.
                  | (AC +3) [demonic ancestry]
  2442 | D:3      | Reached XP level 5. HP: 40/41 MP: 5/5
  2797 | D:4      | Noticed a steam dragon
  2806 | D:3      | HP: 1/41 [steam dragon (2)]
  2819 | D:3      | Killed a steam dragon
  2820 | D:3      | Gained mutation: You are completely covered in yellow
                  | scales. (AC +4, rCorr) [demonic ancestry]
  2820 | D:3      | Reached XP level 6. HP: 29/47 MP: 6/6
  3011 | D:4      | Noticed Menkaure
  3022 | D:4      | Killed from afar by Menkaure

Illustrated notes

Levels and vault maps discovered:
D:1:      giann_horns, layout_basic
D:2:      layout_rooms, serial_shops, nicolae_shop_statue_plus,
          nicolae_shop_stone, shop_statue, shop
D:3:      layout_loops_corners, uniq_robin
D:4:      layout_gridville, nicolae_ru_awakened_eye,
          minmay_temple_entry_large_hall, uniq_menkaure

Skill      XL: |  1  2  3  4 |
---------------+-------------+-----
Dodging        | 3 4 |  4.7
Long Blades    | 3 |  3.8
Fighting       | 3 |  3.5
Throwing       | |  1.7

Action                   |  1- 3 |  4- 6 || total
-------------------------+-------+-------++-------
Melee: Long sword        |   101 |    29 ||   130
       Headbutt          |    14 |    17 ||    31
       Dagger            |       |    45 ||    45
  Use: Potion            |       |     3 ||     3
Armor: Leather armour    |     8 |       ||     8
       Ring mail         |    35 |    48 ||    83
       Steam dragon scal |       |     6 ||     6
Dodge: Dodged            |    79 |    74 ||   153
       Rpst.: Long sword |    20 |    14 ||    34

Table legend: (Time is in decaauts)
 A = Elapsed time spent in this place.
 B = Non-inter-level travel time spent in this place.
 C = Inter-level travel time spent in this place.
 D = Time resting spent in this place.
 E = Time spent auto-exploring this place.
 F = Levels seen in this place.
 G = Mean time per level.
                   A        B        C        D        E       F      G
               +--------+--------+--------+--------+--------+-----+--------+
         Total |   3048 |   2995 |     53 |    612 |   1962 |   4 |  762.0 |
       Dungeon |   3048 |   2995 |     53 |    612 |   1962 |   4 |  762.0 |
               +--------+--------+--------+--------+--------+-----+--------+

Top non-repeatable levels by time:
     D:3: 1256 daAuts
     D:1: 856 daAuts
     D:2: 844 daAuts
     D:4: 90 daAuts
